Map: Ruins of Seras

Players

LiquidTLO (TLO)

  • Race: Zerg Zerg
  • League: Master

Probe - Winner!

  • Race: Protoss Protoss
  • League: Master

Event: DreamHack ZOWIE Open Leipzig

VOD

https://www.youtube.com/watch?v=A9Xfsd1iARo

Description

Time

  • Played on: Jan. 22, 2016, 8:55 a.m.
  • Length: 15:43

All games in this series

Show
View Real Time Build Order
Export as new Build Order

LiquidTLO Zerg 

Build Orders: Pool First, Lurkers 

Get SALT Encoding   

  12  0:00  Drone  
  13  0:09  Drone  
  14  0:16  Extractor  
  14  0:17  Drone  
  14  0:33  Spawning Pool  
  13  0:38  Drone  
  14  0:46  Overlord  
  14  0:56  Drone, Extractor  
  15  1:20  Metabolic Boost  
  15  1:21  Zergling x2  
  15  1:22  Zergling x4  
  18  1:32  Zergling x2  
  19  1:44  Zergling x2  
  20  1:54  Zergling x2  
  20  2:00  Hatchery  
  20  2:05  Drone  
  21  2:15  Drone  
  22  2:26  Hatchery  
  22  2:29  Drone  
  21  2:44  Overlord  
  21  2:49  Overlord  
  20  3:02  Queen  
  22  3:08  Drone  
  22  3:09  Drone  
  24  3:15  Baneling Nest, Drone  
  24  3:20  Drone  
  24  3:23  Drone  
  26  3:34  Drone  
  26  3:37  Drone  
  26  3:38  Zergling x2  
  29  3:42  Zergling x2  
  29  3:46  Zergling x2  
  31  3:48  Zergling x2  
  31  3:53  Zergling x2  
  33  3:56  Zergling x2  
  34  4:03  Zergling x4  
  34  4:06  Zergling x2  
  37  4:13  Zergling x4  
  37  4:14  Zergling x2  
  39  4:18  Zergling x2  
  39  4:21  Zergling x2  
  40  4:25  Baneling x2  
  40  4:30  Baneling  
  40  4:31  Baneling x2  
  40  4:32  Baneling  
  40  4:36  Drone  
  41  4:41  Drone  
  41  4:44  Drone  
  41  4:45  Drone  
  40  4:53  Drone  
  40  4:54  Drone  
  40  4:55  Drone  
  40  4:57  Zergling x2  
  39  5:01  Drone  
  39  5:03  Zergling x2  
  39  5:07  Zergling x2  
  39  5:09  Zergling x2  
  39  5:12  Zergling x2  
  39  5:13  Zergling x2  
  42  5:19  Drone  
  42  5:22  Drone  
  42  5:23  Drone x2  
  42  5:24  Drone  
  46  5:30  Overlord  
  46  5:32  Overlord  
  46  5:38  Overlord  
  46  5:40  Overlord  
  46  5:43  Overlord  
  46  5:46  Overlord  
  45  5:53  Drone  
  46  5:57  Drone  
  46  5:58  Drone  
  46  5:59  Spore Crawler  
  46  6:02  Spore Crawler x2  
  46  6:03  Drone  
  47  6:04  Drone x2  
  47  6:07  Drone  
  47  6:10  Drone x2  
  50  6:13  Burrow  
  50  6:15  Drone  
  51  6:18  Drone  
  51  6:19  Drone  
  51  6:20  Drone  
  51  6:23  Zergling x2  
  52  6:27  Lair  
  52  6:30  Drone x2  
  52  6:31  Drone  
  56  6:32  Drone  
  56  6:37  Queen  
  58  6:43  Drone x5  
  58  6:46  Extractor  
  60  6:49  Drone  
  60  6:50  Drone  
  60  6:52  Drone  
  63  7:00  Evolution Chamber, Drone  
  63  7:05  Roach Warren, Spine Crawler  
  63  7:06  Zergling x8  
  64  7:09  Drone  
  64  7:10  Drone  
  64  7:12  Drone  
  64  7:13  Queen  
  64  7:14  Drone, Extractor  
  64  7:15  Extractor  
  67  7:20  Zergling x2  
  68  7:25  Spine Crawler  
  68  7:26  Zergling x2  
  67  7:30  Extractor x2  
  67  7:31  Zerg Missile Weapons Level 1, Hydralisk Den  
  67  7:33  Drone  
  67  7:34  Queen, Zergling x2  
  67  7:35  Zergling x2  
  67  7:37  Drone  
  70  7:41  Drone  
  70  7:45  Drone x2  
  70  7:49  Drone x2, Queen  
  72  7:53  Roach  
  72  7:54  Roach  
  72  7:55  Roach  
  77  8:00  Roach  
  77  8:01  Drone x10  
  77  8:03  Roach  
  81  8:05  Roach  
  81  8:11  Roach  
  81  8:12  Drone  
  79  8:15  Lurker Den  
  79  8:17  Drone  
  79  8:19  Drone  
  78  8:21  Drone  
  78  8:22  Spore Crawler  
  78  8:23  Drone x2  
  78  8:24  Drone  
  81  8:33  Drone  
  81  8:39  Overlord x3  
  81  8:41  Infestation Pit  
  81  8:46  Drone x2  
  80  8:50  Drone  
  80  8:52  Drone  
  79  8:56  Overlord  
  79  8:58  Drone  
  79  8:59  Drone x2, Hydralisk x3  
  88  9:05  Drone, Hydralisk x2  
  88  9:07  Hydralisk  
  93  9:10  Hydralisk  
  95  9:17  Drone  
  95  9:18  Drone, Spore Crawler  
  95  9:20  Hydralisk  
  95  9:22  Drone  
  97  9:25  Zerg Missile Weapons Level 2  
  97  9:28  Pathogen Glands  
  97  9:30  Hydralisk x2  
  97  9:32  Spore Crawler  
  97  9:35  Drone x2  
  97  9:36  Drone  
  99  9:39  Drone  
  99  9:42  Drone  
  99  9:44  Lurker x2  
  103  9:46  Drone x2  
  103  9:47  Drone  
  103  9:48  Overlord  
  103  9:49  Spore Crawler  
  103  9:51  Lurker  
  106  9:54  Overlord  
  106  9:58  Overlord  
  106  9:59  Overlord x2  
  105  10:00  Hydralisk  
  105  10:02  Pneumatized Carapace  
  105  10:10  Overlord  
  105  10:13  Hydralisk  
  106  10:16  Hydralisk x2  
  106  10:20  Hydralisk x3  
  110  10:24  Spore Crawler  
  110  10:25  Drone  
  110  10:26  Drone x2  
  110  10:27  Hydralisk  
  110  10:36  Infestor x3  
  110  10:38  Queen  
  110  10:40  Overlord  
  118  10:48  Infestor x3  
  118  10:49  Drone x2  
  119  10:51  Lurker  
  119  10:52  Lurker  
  120  10:57  Hydralisk x3  
  120  11:00  Spore Crawler  
  120  11:03  Drone x2  
  120  11:04  Spine Crawler  
  124  11:05  Spine Crawler  
  124  11:07  Overlord, Spine Crawler  
  124  11:08  Spine Crawler  
  121  11:12  Lurker x2  
  121  11:14  Drone  
  121  11:16  Queen x2  
  126  11:27  Hydralisk  
  126  11:29  Drone  
  129  11:34  Drone  
  129  11:36  Spine Crawler, Infestor x3  
  129  11:40  Hydralisk  
  129  11:41  Spine Crawler, Zerg Melee Weapons Level 1  
  129  11:43  Drone  
  129  11:44  Drone, Spire  
  129  11:45  Spine Crawler  
  130  11:49  Overlord  
  130  11:56  Hive  
  130  11:57  Drone  
  130  11:59  Drone x2  
  133  12:03  Drone x2  
  133  12:04  Drone x2  
  133  12:05  Hatchery  
  134  12:17  Hydralisk x2  
  134  12:19  Infestor x3, Hydralisk  
  137  12:30  Roach  
  137  12:31  Drone  
  137  12:33  Neural Parasite  
  136  12:40  Drone x8  
  136  12:41  Drone  
  145  12:45  Queen  
  145  12:46  Queen  
  145  12:50  Hydralisk  
  151  12:51  Extractor  
  151  12:55  Spine Crawler, Extractor  
  148  12:58  Mutalisk x2  
  148  12:59  Overlord  
  148  13:00  Drone  
  148  13:01  Overlord  
  148  13:03  Infestor x3  
  152  13:09  Overlord  
  152  13:10  Overlord  
  152  13:13  Overlord x2  
  152  13:18  Viper x2  
  158  13:22  Evolution Chamber  
  158  13:24  Evolution Chamber  
  156  13:27  Hydralisk  
  156  13:30  Hydralisk  
  156  13:32  Hydralisk  
  160  13:36  Hydralisk x2  
  160  13:40  Overseer  
  152  13:44  Hydralisk x2  
  152  13:47  Drone  
  130  13:52  Roach x3  
  130  13:54  Lurker x2  
  133  14:05  Roach  
  130  14:10  Roach x2  
  130  14:12  Infestor  
  130  14:14  Drone  
  137  14:19  Infestor x3  
  135  14:24  Drone  
  135  14:26  Infestor x2  
  131  14:33  Hydralisk, Roach  
  131  14:36  Drone  
  123  14:38  Drone  
  123  14:39  Drone  
  123  14:40  Hydralisk  
  123  14:42  Infestor x2  
  123  14:45  Hydralisk x2  
  124  14:52  Hydralisk x2  
  132  14:53  Lurker x2  
  126  15:03  Hydralisk  
  126  15:04  Hydralisk x3  
  126  15:06  Drone  
  131  15:09  Drone  
  131  15:10  Drone  
  131  15:12  Drone  
  131  15:13  Spine Crawler  
Show
View Real Time Build Order
Export as new Build Order

Probe Protoss - Winner!

Build Orders: 1 Gate Expand 

Get SALT Encoding   

  12  0:01  Probe (Chrono Boost)  
  13  0:11  Probe (Chrono Boost)  
  14  0:17  Pylon  
  14  0:22  Probe (Chrono Boost)  
  16  0:35  Probe (Chrono Boost)  
  16  0:38  Gateway  
  16  0:46  Probe (Chrono Boost)  
  16  0:48  Assimilator  
  17  0:57  Probe (Chrono Boost)  
  18  1:07  Probe (Chrono Boost)  
  19  1:21  Nexus  
  19  1:25  Probe (Chrono Boost)  
  20  1:34  Cybernetics Core  
  20  1:38  Probe (Chrono Boost)  
  21  1:50  Pylon  
  21  1:53  Assimilator  
  22  1:56  Zealot (Chrono Boost)  
  23  2:10  Pylon  
  23  2:13  Mothership Core (Chrono Boost)  
  25  2:20  Adept  
  27  2:32  Probe (Chrono Boost)  
  27  2:36  Probe (Chrono Boost)  
  29  2:42  Probe (Chrono Boost)  
  30  2:46  Probe (Chrono Boost)  
  30  2:48  Sentry  
  33  2:51  Warp Gate (Chrono Boost)  
  33  2:53  Probe  
  33  2:55  Probe  
  35  3:04  Pylon  
  35  3:05  Probe  
  36  3:06  Probe  
  37  3:14  Sentry  
  37  3:17  Probe (Chrono Boost)  
  37  3:18  Probe (Chrono Boost)  
  41  3:28  Probe (Chrono Boost)  
  41  3:29  Probe (Chrono Boost)  
  42  3:35  Stargate  
  42  3:37  Pylon  
  42  3:39  Probe x2 (Chrono Boost)  
  44  3:49  Probe (Chrono Boost)  
  44  3:50  Probe (Chrono Boost)  
  46  4:00  Probe x2 (Chrono Boost)  
  46  4:08  Gateway  
  46  4:10  Gateway, Probe (Chrono Boost)  
  46  4:11  Probe (Chrono Boost)  
  46  4:13  Phoenix (Chrono Boost)  
  46  4:19  Phoenix (Chrono Boost)  
  46  4:20  Probe (Chrono Boost)  
  46  4:21  Probe (Chrono Boost)  
  48  4:30  Probe, Assimilator x2  
  48  4:32  Probe  
  48  4:33  Pylon  
  48  4:37  Forge  
  50  4:41  Probe  
  50  4:45  Probe  
  52  4:46  Phoenix (Chrono Boost)  
  53  4:54  Adept  
  53  4:56  Pylon  
  53  4:58  Pylon  
  55  5:03  Pylon  
  55  5:04  Pylon  
  53  5:08  Pylon  
  53  5:13  Protoss Ground Weapons Level 1  
  49  5:16  Probe  
  49  5:18  Probe  
  51  5:27  Probe  
  51  5:30  Probe  
  51  5:32  Phoenix (Chrono Boost)  
  55  5:39  Adept x2  
  59  5:43  Probe, Adept  
  62  5:52  Pylon  
  62  5:57  Phoenix (Chrono Boost)  
  62  6:00  Adept  
  62  6:01  Adept  
  68  6:04  Pylon  
  68  6:13  Adept  
  70  6:29  Phoenix (Chrono Boost)  
  72  6:38  Pylon  
  72  6:41  Probe  
  72  6:42  Probe  
  72  6:44  Adept  
  72  6:45  Adept x2  
  79  6:51  Phoenix (Chrono Boost)  
  81  6:55  Nexus  
  81  6:57  Pylon  
  79  7:05  Robotics Facility  
  79  7:08  Probe  
  79  7:10  Probe  
  79  7:12  Phoenix (Chrono Boost)  
  83  7:21  Probe  
  83  7:23  Robotics Facility  
  83  7:25  Probe  
  85  7:32  Probe  
  85  7:34  Pylon, Phoenix (Chrono Boost)  
  88  7:37  Probe  
  88  7:42  Probe  
  90  7:49  Probe  
  91  7:53  Probe  
  92  8:01  Probe  
  92  8:03  Probe  
  94  8:10  Probe, Adept  
  91  8:13  Probe  
  91  8:14  Probe  
  91  8:16  Phoenix (Chrono Boost)  
  87  8:20  Immortal (Chrono Boost)  
  87  8:22  Probe  
  87  8:24  Twilight Council  
  87  8:25  Probe  
  87  8:26  Probe  
  96  8:29  Immortal (Chrono Boost)  
  96  8:33  Zealot x3  
  102  8:39  Gateway  
  102  8:41  Gateway  
  102  9:02  Protoss Ground Weapons Level 2 (Chrono Boost)  
  110  9:08  Immortal (Chrono Boost)  
  110  9:16  Observer (Chrono Boost)  
  107  9:18  Zealot  
  107  9:19  Zealot x2  
  107  9:24  Gateway  
  113  9:28  Gateway  
  113  9:30  Pylon  
  113  9:32  Pylon  
  113  9:35  Immortal (Chrono Boost)  
  117  9:38  Gateway  
  117  9:39  Gateway  
  117  9:42  Gateway  
  121  9:47  Zealot x2  
  121  9:50  Immortal (Chrono Boost)  
  121  9:51  Templar Archives  
  121  9:52  Pylon  
  125  9:55  Pylon  
  125  10:01  Pylon  
  125  10:05  Nexus  
  125  10:08  Pylon  
  125  10:09  Immortal (Chrono Boost)  
  125  10:28  Zealot x5  
  135  10:34  Warp Prism (Chrono Boost)  
  137  10:37  Pylon  
  137  10:40  High Templar x4  
  137  10:41  Immortal (Chrono Boost)  
  145  10:44  Archon  
  145  10:45  Archon, High Templar  
  151  10:51  High Templar x2  
  151  10:52  Zealot x3  
  161  10:58  Phoenix  
  161  11:01  Archon  
  161  11:02  Immortal  
  163  11:11  Pylon  
  167  11:16  Pylon  
  167  11:17  Observer  
  168  11:31  Assimilator  
  168  11:32  Assimilator  
  168  11:34  High Templar, Photon Cannon  
  168  11:35  Photon Cannon x2  
  168  11:36  Observer  
  171  11:41  Archon  
  171  11:52  Assimilator  
  171  11:53  Assimilator  
  171  11:55  Probe x3  
  174  12:04  Robotics Bay  
  174  12:14  Zealot x6  
  174  12:15  Zealot x3  
  192  12:20  Immortal  
  190  12:22  Charge (Chrono Boost)  
  190  12:24  Immortal  
  174  12:37  Dark Shrine  
  174  13:00  Adept x2, Disruptor  
  174  13:04  Disruptor  
  184  13:07  Observer Gravitic Boosters  
  184  13:17  Stargate  
  184  13:22  Nexus  
  184  13:24  Pylon  
  184  13:26  Pylon  
  178  13:43  Adept x2  
  178  13:44  Adept x5  
  178  13:46  Disruptor  
  178  13:51  Resonating Glaives (Chrono Boost), Disruptor  
  180  14:03  Zealot x5  
  180  14:04  Zealot x4  
  180  14:05  Gravitic Drive  
  168  14:19  Zealot  
  168  14:20  Observer  
  165  14:27  Observer  
  166  14:36  Zealot  
  166  14:37  Zealot x9  
  186  14:43  Assimilator  
  186  14:47  Assimilator  
  180  14:59  Disruptor  
  170  15:01  Disruptor  
  170  15:05  Stargate x2  
  172  15:08  Zealot x6  
  172  15:13  Phoenix (Chrono Boost)  
  182  15:15  Phoenix (Chrono Boost)  
  164  15:30  Zealot x6  

Tags
 
Add a new tag
Caveats
  • Supply blocks, unpowered buildings, or Contaminate may cause inaccurate times.
  • Supply counts are checked every 10 seconds.